woodfighter, chaotic female human Barbarian ----- --------- |.*.| ----.......| #+<..| #...........| ###|...| ###|..........| #`#....| ------------ # |..........| --------- ------ ### ----- |...........########|.......-- #######........| #.....| # |..........| # % -.-.-#### |..[_...-#######|.@..|### |..........+########[######### #%........| |..T.|# |..........| ###` % --------- |....-# ------------ #### ##` |....| ## # |....| ### ### ------ ## # ### # ---+-+-# |...%`.# |...^.| ------- woodfighter the Brigand Experience level: 11 Strength: 18 Dexterity: 17 Constitution: 19 Intelligence: 7 Wisdom: 9 Charisma: 6 Health: 0(110) Energy: 32(32) Def: 8 Gold: 0 Moves: 9531 Dungeon seed: rCypB2hj18S1CwgM Game ID: woodfighter_1568400812 Your Inventory: Weapons a - a rusty +0 battle-axe (weapon in hands) x - 5 +0 daggers (in quiver) I - a blessed +0 elven dagger (alternate weapon; not wielded) Armor e - a blessed +0 pair of leather gloves (being worn) r - an uncursed +0 pair of jumping boots (being worn) C - an uncursed +0 dwarvish mithril-coat (being worn) E - an uncursed +0 dwarvish cloak (being worn) J - an uncursed thoroughly rusty +0 dwarvish iron helm (being worn) Comestibles c - 4 uncursed food rations o - an uncursed fortune cookie Z - an uncursed lizard corpse Rings l - an uncursed ring of free action (on left hand) F - an uncursed ring of teleport control (on right hand) Wands d - a blessed wand of sleep (0:6) f - a wand of digging (0:3) Tools g - an uncursed oil lamp (0:573) k - a +0 pick-axe q - a -1 unicorn horn s - an uncursed bag of holding y - an uncursed lock pick W - an uncursed towel Gems z - an uncursed luckstone Contents of the bag of holding: 1676 gold pieces an uncursed +0 mummy wrapping an uncursed C-ration an uncursed K-ration an uncursed eucalyptus leaf an uncursed scroll of gold detection a cursed scroll of light an uncursed scroll of magic mapping a [uncursed] scroll of stinking cloud an uncursed spellbook of magic mapping an uncursed potion of blindness an uncursed potion of booze a cursed potion of confusion an uncursed potion of extra healing an uncursed potion of extra healing a cursed potion of extra healing an uncursed potion of gain ability an uncursed potion of object detection an uncursed potion of sickness a [uncursed] potion of water a cursed ring of aggravate monster a cursed [-1] ring of stealth an uncursed wand of digging [0:4] an uncursed wand of secret door detection [0:14] an uncursed wand of striking [0:6] 3 uncursed topazes 8 uncursed worthless pieces of black glass 3 uncursed worthless pieces of blue glass 6 uncursed worthless pieces of orange glass 9 uncursed worthless pieces of violet glass an uncursed worthless piece of white glass Spells and supernatural/magical abilities: Name Level Category Fail Memory W - pray for help -- divine ? -- Y - supernatural jump -- ability ? -- Your skills at the end: Miscellaneous Skills bare handed combat [Basic] Weapon Skills axe [Master] short sword [Basic] Spellcasting Skills Final Attributes: You were piously aligned. You were cold resistant. You were poison resistant. Your writing hand was ok. You saw invisible. You were telepathic. You were invisible to others. You could jump. You had teleport control. You were fast. You had free action. You were lucky. You had extra luck. Bad luck did not time out for you. Good luck did not time out for you. You are dead. You faced a greater challenge. Vanquished creatures: a vampire 4 ghosts a lieutenant a winged gargoyle 2 giant mimics a hezrou 3 large mimics 2 long worms 2 stalkers an air elemental a water elemental a black naga a warg a winter wolf 2 quantum mechanics 2 small mimics a warhorse a xan an ettin mummy a troll a wood golem a large dog a shocking sphere 3 tengu 2 gelatinous cubes a crocodile a leocrotta 4 giants an elf mummy a human mummy 5 wraiths 4 ettin zombies 2 leather golems a succubus 3 giant beetles 3 cockatrices 3 winter wolf cubs a black light a leprechaun a quivering blob a lizard a mountain nymph a scorpion an iron piercer an ice vortex a vampire bat a forest centaur 7 gnome kings an orc mummy a brown pudding a Green-elf a rust monster an owlbear a yeti a chickatrice a dog 2 housecats a jaguar 3 dwarf lords 2 blue jellies 2 water nymphs a gray unicorn 2 ravens an ape 4 human zombies 7 fire ants 3 yellow lights an imp 5 wood nymphs 9 Mordor orcs an Uruk-hai 14 orc shamans a fog cloud a shrieker a violet fungus 11 gnome lords 4 gnomish wizards a kobold mummy a red naga hatchling a black naga hatchling a gray ooze a barrow wight 6 elf zombies 3 ghouls a straw golem 3 giant ants 4 floating eyes 20 dwarves a kobold lord 2 kobold shamans 2 iguanas 23 hill orcs 14 rothes a rabid rat 2 centipedes 5 jitterbugs a giant bat 5 monkeys an orc zombie 3 dwarf zombies a wererat a werejackal 5 killer bees a coyote 7 hobbits 3 acid blobs 3 large kobolds 4 geckos 6 hobgoblins 7 giant rats a cave spider 4 brown molds 4 yellow molds 2 green molds 7 red molds 61 gnomes 3 garter snakes 8 manes 4 gnome zombies 8 jackals 5 foxes 2 kobolds 4 newts 9 goblins 2 sewer rats 8 grid bugs 5 bats 5 lichens 3 kobold zombies 453 creatures vanquished. Voluntary challenges: You did not cause conflict. You did not have reflection. You were not displaced. You had been an atheist until turn 1835. You used a wielded weapon 742 times, starting on turn 5. You did not use plumbed fixtures. You did not drink any magical draughts. You read items or engraved 3 times, starting on turn 2843. You never genocided any monsters. You never polymorphed an object. You never changed form. You completed Sokoban on turn 4156, according to the rules. You used no wishes. You never split a pudding. You never wrote Elbereth's name. You never violated your personal moral code. Dungeon overview: The Dungeons of Doom: levels 1 to 15 Level 1 many fountains a long staircase Level 2 a scroll shop, a fountain stairs to The Gnomish Mines Level 3 Level 4 (vault) some fountains Level 5 a fountain Level 6 (water) Level 7 many fountains Level 8 a jewelry store stairs to Sokoban Level 9 (water) some fountains Level 10 a fountain Level 11 Level 12 Level 13 (vault) Level 14 (quest) <- You were here a temple to Set portal to The Quest Level 15 (big room) many fountains The Gnomish Mines: levels 3 to 11 Level 3 stairs to The Dungeons of Doom Level 4 Level 5 some shops, a temple to Crom, a magic chest, some fountains, a sink Level 6 Level 7 Level 8 Level 9 Level 10 Level 11 many altars to Moloch, a magic chest, some fountains The Quest: Level 1 portal to The Dungeons of Doom Sokoban: levels 4 to 7 Level 4 a magic chest Level 5 Level 6 Level 7 an altar to Crom, a magic chest stairs to The Dungeons of Doom History has recorded: On T:1 you entered the Dungeons of Doom to retrieve the Amulet of Yendor! On T:335 you reached level 2 of The Dungeons of Doom. On T:515 you advanced to experience level 2. On T:777 you reached level 1 of The Gnomish Mines. On T:821 you advanced to experience level 3. On T:827 you reached level 3 of The Dungeons of Doom. On T:867 you reached level 4 of The Dungeons of Doom. On T:1390 you advanced to experience level 4. On T:1395 you reached level 5 of The Dungeons of Doom. On T:1703 you reached level 6 of The Dungeons of Doom. On T:1833 you advanced to experience level 5. On T:1835 you prayed to Set. On T:1949 you reached level 7 of The Dungeons of Doom. On T:2067 you advanced to experience level 6. On T:2263 you reached level 8 of The Dungeons of Doom. On T:2720 you advanced to experience level 7. On T:2736 you reached level 9 of The Dungeons of Doom. On T:2786 you reached level 4 of Sokoban. On T:2841 you opened a magic chest. On T:3062 you reached level 3 of Sokoban. On T:3470 you reached level 2 of Sokoban. On T:3765 you reached level 1 of Sokoban. On T:4156 you advanced to experience level 8. On T:4156 you entered the Sokoban zoo. On T:4673 you reached level 2 of The Gnomish Mines. On T:4996 you reached level 3 of The Gnomish Mines. On T:5287 you entered the Minetown temple On T:5599 you reached level 4 of The Gnomish Mines. On T:5745 you advanced to experience level 9. On T:5777 you reached level 5 of The Gnomish Mines. On T:6022 you reached level 6 of The Gnomish Mines. On T:6317 you reached level 9 of The Gnomish Mines. On T:6317 you reached the bottom of the Mines. On T:6865 you reached level 8 of The Gnomish Mines. On T:6969 you reached level 7 of The Gnomish Mines. On T:7113 you advanced to experience level 10. On T:8059 you reached level 10 of The Dungeons of Doom. On T:8348 you advanced to experience level 11. On T:8354 you reached level 11 of The Dungeons of Doom. On T:8591 you reached level 12 of The Dungeons of Doom. On T:8822 you reached level 13 of The Dungeons of Doom. On T:8967 you reached level 14 of The Dungeons of Doom. On T:9114 you prayed to Set. On T:9264 you reached level 15 of The Dungeons of Doom. On T:9321 you reached level 1 of The Quest. Score breakdown: Gold: 1676 ( 167 points) Experience: 11 levels ( 1000 points) Exploration: 15 levels ( 420 points) Discoveries: 46 items ( 2000 points) Variety of kills: 129 monsters ( 2000 points) Major goal: Sokoban/Mines ( 1500 points) Survival: died (score multiplied by 6) Total score: 42522 Latest messages: You swing your battle-axe in a tremendous arc. You smite the troll! The troll claws you! (2x) The troll bites! You swing your battle-axe in a tremendous arc. You smite the troll! The troll claws you! (2x) The troll bites! You swing your battle-axe in a tremendous arc. You kill the troll! The troll rises from the dead! You swing your battle-axe in a tremendous arc. You smite the yellow light! The troll claws you! (2x) The troll bites! You again sense Pelias pleading for help. You named this level: quest. You swing your battle-axe in a tremendous arc. You smite the troll! The troll misses. The troll claws you! The troll misses. You swing your battle-axe in a tremendous arc. You smite the troll! The troll claws you! (2x) The troll bites! You die... Final status: Goodbye woodfighter the Barbarian, killed by a troll... You died in The Dungeons of Doom on dungeon level 14 with 42522 points, and 1676 pieces of gold, after 9531 moves. You were level 11 with a maximum of 110 hit points when you died.